 Dungeon Crawl Stone Soup version 0.18.1-2-ga659475 (webtiles) character file.

36 HungrySpirit the Chiller (level 3, 0/26 HPs)
             Began as a Formicid Ice Elementalist on May 8, 2016.
             Slain by a worm (6 damage)
             ... on level 2 of the Dungeon.
             The game lasted 00:02:59 (1763 turns).

HungrySpirit the Chiller (FoIE)                     Turns: 1763, Time: 00:02:59

Health: 0/26       AC:  3    Str: 13    XL:     3   Next: 57%
Magic:  0/6        EV: 10    Int: 14    God:
Gold:   52         SH:  0    Dex: 11    Spells: 1 memorised, 5 levels left

rFire  . . .     SeeInvis +     e - +0 dagger
rCold  . . .     Gourm    +     g - +1 ring mail
rNeg   . . .     Faith    .     (no shield)
rPois  .         Spirit   .     (helmet unavailable)
rElec  .         Dismiss  .     (no cloak)
rCorr  .         Reflect  .     (no gloves)
SustAt .         Harm     .     (no boots)
MR     .....                    o - amulet of the gourmand
Stlth  ++........               p - -3 ring of protection (curse)
                                j - ring of stealth

@: very slightly contaminated, not resistant to hostile enchantments, unstealthy
A: permanent stasis, dig shafts and tunnels, four strong arms, antennae 3
a: Dig, Shaft Self


You were on level 2 of the Dungeon.
You were not hungry.

You visited 1 branch of the dungeon, and saw 2 of its levels.

You collected 52 gold pieces.

Inventory:

Hand Weapons
 e - a +0 dagger (weapon)
Armour
 g - a +1 ring mail (worn)
Jewellery
 j - a ring of stealth (left hand)
 o - an amulet of the gourmand (around neck)
 p - a cursed -3 ring of protection (right hand)
Scrolls
 a - 2 scrolls of enchant armour
Potions
 f - a potion of mutation {unknown}
 h - a potion of berserk rage {unknown}
 i - 2 potions of curing {unknown}
 k - a potion of haste {unknown}
 m - a potion of heal wounds
Books
 b - a book of Frost

   Spells                             Type                      Level
   a - Freeze                         Ice                          1
   b - Throw Frost                    Conjuration/Ice              2
   c - Ozocubu's Armour               Charms/Ice                   3
   d - Throw Icicle                   Conjuration/Ice              4
   e - Summon Ice Beast               Ice/Summoning                4
Comestibles
 c - 2 bread rations
 n - 5 fruits


   Skills:
 + Level 1.3 Fighting
 * Level 2.0 Short Blades
 - Level 1.7 Dodging
 - Level 2.4 Stealth
 - Level 2.1 Spellcasting
   Level 0.8 Conjurations
 + Level 3.3 Ice Magic


You had 5 spell levels left.
You knew the following spells:

 Your Spells              Type           Power        Failure   Level  Hunger
a - Freeze                Ice            ##..         17%         1    #......


Dungeon Overview and Level Annotations

Branches:
Dungeon (2/15)

Altars:
Kikubaaqudgha


Innate Abilities, Weirdness & Mutations

You are under a permanent stasis effect.
You can dig through walls and to a lower floor.
Your four strong arms can wield two-handed weapons with a shield.
You have a pair of large antennae on your head (SInv).


Message History

Aiming: Freeze
Press: ? - help, Shift-Dir - straight line, f/p - worm
Aim: a worm (heavily wounded)
You freeze the worm.
The worm is severely wounded.
The worm bites you.
Casting: Freeze
Confirm with . or Enter, or press ? or * to list all spells.
Aiming: Freeze
Press: ? - help, Shift-Dir - straight line, f/p - worm
Aim: a worm (heavily wounded)
You miscast Freeze.
You feel a strange surge of energy!
You hit the worm but do no damage.
The worm is heavily wounded.
The worm bites you!
* * * LOW HITPOINT WARNING * * *
You hit the worm but do no damage.
The worm is heavily wounded.
The worm bites you.
You die...

## #.# ....###.##
#....... #####.##
########### #.##
#....#.ยง..### #...
#...###.....## ##.##
#....#.......####...#
#.##@.........##.....
#.##.w........###...#
#.##...........)...##
#.####.#.....#####.#
#.. ...##...## #.#
..########.## #+# #.#
#.# { #.# #.# #.# ..>
.....


You could see a worm.

Vanquished Creatures
  A dart slug (D:1)
  3 bats (D:1)
  A giant cockroach (D:1)
  4 goblins (D:1)
  6 hobgoblins
  4 jackals (D:1)
  5 giant newts (D:1)
  3 kobolds
  5 rats
32 creatures vanquished.

Notes
Turn   | Place    | Note
--------------------------------------------------------------
     0 | D:1      | HungrySpirit the Formicid Ice Elementalist began the quest for the Orb.
     0 | D:1      | Reached XP level 1. HP: 13/13 MP: 3/3
   277 | D:1      | Reached XP level 2. HP: 14/20 MP: 1/5
   516 | D:1      | Reached skill level 1 in Short Blades
   637 | D:1      | Reached skill level 1 in Fighting
   769 | D:1      | Reached XP level 3. HP: 18/26 MP: 6/6
  1568 | D:2      | Found an ancient bone altar of Kikubaaqudgha.
  1763 | D:2      | Slain by a worm

Skill      XL: |  1  2  3 |
---------------+----------+-----
Short Blades   | 1 2 |  2.0
Fighting       | 1 |  1.3
Dodging        | |  1.7
Stealth        | |  2.4
Spellcasting   | |  2.1
Conjurations   | |  0.8
Ice Magic      | |  3.3

Action                   || total
-------------------------++-------
Melee: Dagger            ||   179
       Unarmed           ||     4
 Cast: Freeze            ||    10
  Use: Scroll            ||     5
 Stab: Sleeping          ||     1
  Eat: Chunk             ||     3
Armor: Robe              ||     3
       Ring mail         ||    48
Dodge: Dodged            ||    86
